 Dungeon Crawl Stone Soup version 0.32-a0-675-gdc239d62e1 (webtiles) character file.

Game seed: 15369026856596829715

232235 gimp the Spry (level 20, -11/162 HPs)
             Began as a Formicid Shapeshifter on Mar 12, 2024.
             Was an Elder of Uskayaw.
             Mangled by a merfolk impaler
             ... wielding a +2 trident of freezing
              (18 damage)
             ... on level 4 of the Shoals.
             The game lasted 01:48:38 (49805 turns).

gimp the Spry (Formicid Shapeshifter)              Turns: 49805, Time: 01:48:38

Health: -11/162    AC:  3    Str: 23    XL:     20   Next: 32%
Magic:  31/31      EV: 26    Int:  6    God:    Uskayaw [****..]
Gold:   1498       SH:  0    Dex: 21    Spells: 19/19 levels left

rFire   + .          .
                       - Unarmed
rCold   + . .        (no shield)
rNeg    + . .        a - melded +0 animal skin
rPois   +            (helmet unavailable)
rElec   +            j - +0 cloak "Eroazo Owil" {rPois Will+++ Str+2 Int-5}
rCorr   .            D - +0 pair of gloves "Xehea" {+Blink Dex+2 Slay+5}
SInv    +            k - +0 pair of boots
Will    +++++        E - amulet "Deboschi" {rPois rN+ RegenMP+}
Stlth   ++           s - ring of flight
HPRegen 0.47/turn    O - ring of protection from cold
MPRegen 0.62/turn

%: clarity
@: maw-form, flying
A: devouring maw, permanent stasis, dig shafts and tunnels, antennae 3, four
strong arms, clarity, deformed body, wild magic 1
}: 1/15 runes: serpentine
a: Dig, Shaft Self, Begin Untransformation, Renounce Religion, Stomp, Line Pass


You were on level 4 of the Shoals.
You worshipped Uskayaw.
Uskayaw was pleased with you.
You were a creature with a mouth for a stomach.
You visited 6 branches of the dungeon, and saw 31 of its levels.
You also visited: Ossuary, Bailey, Gauntlet and Ice Cave.

You collected 3031 gold pieces.
You spent 1533 gold pieces at shops.

Inventory:

Missiles
 p - 6 curare-tipped darts
 R - a throwing net
Armour
 a - a +0 animal skin (melded)
 j - the +0 cloak "Eroazo Owil" (worn) {rPois Will+++ Str+2 Int-5}
   (You found it on level 6 of the Dungeon)

   Str+2:     It affects your strength (+2).
   Int-5:     It affects your intelligence (-5).
   rPois:     It protects you from poison.
   Will+++:   It greatly increases your willpower.
 k - a +0 pair of boots (worn)
 r - the +2 cloak "Nuberac" {-Tele Rampage rElec Dex+5}
   (You found it on level 4 of the Dungeon)

   Dex+5:     It affects your dexterity (+5).
   rElec:     It insulates you from electricity.
   -Tele:     It prevents most forms of teleportation.
   Rampage:   It bestows one free step when moving towards enemies.
 D - the +0 pair of gloves "Xehea" (worn) {+Blink Dex+2 Slay+5}
   (You acquired it on level 11 of the Dungeon)

   Dex+2:     It affects your dexterity (+2).
   Slay+5:    It affects your accuracy & damage with ranged weapons and melee
   (+5).
   +Blink:    It lets you blink.
Jewellery
 l - a +6 ring of dexterity
 m - the necklace of Bloodlust {Fury *Rage Will++ Int-3 Slay+6}
   (You took it off a centaur on level 2 of the Shoals)

   [amulet of nothing]

   Fury:      It extends the wearer's berserk rage when killing foes.
   Int-3:     It affects your intelligence (-3).
   Slay+6:    It affects your accuracy & damage with ranged weapons and melee
   (+6).
   Will++:    It greatly increases your willpower.
   *Rage:     It berserks you when you make melee attacks (+50% chance).
 s - a ring of flight (left hand)
 u - a ring of willpower
 B - a +4 ring of protection
 E - the amulet "Deboschi" (around neck) {rPois rN+ RegenMP+}
   (You acquired it on level 2 of the Dungeon)

   [amulet of magic regeneration]

   It increases your rate of magic regeneration.
   rPois:     It protects you from poison.
   rN+:       It protects you from negative energy.
   RegenMP+:  It increases your rate of magic regeneration.
 O - a ring of protection from cold (right hand)
 P - a ring of protection from fire
Talismans
 g - the maw talisman of Kikubaaqudgha's Envy (active) {rElec rF+}
   (You found it on level 2 of the Snake Pit)

   [maw talisman]

   rF+:       It protects you from fire.
   rElec:     It insulates you from electricity.
 Q - a blade talisman
 T - the serpent talisman "Sos Abil" {rElec rN+ Int-3}
   (You took it off Aizul on level 2 of the Snake Pit)

   [serpent talisman]

   Int-3:     It affects your intelligence (-3).
   rElec:     It insulates you from electricity.
   rN+:       It protects you from negative energy.
Wands
 d - a wand of light (7)
 h - a wand of warping (10)
 v - a wand of flame (42)
 L - a wand of mindburst (1)
 S - a wand of charming (10)
Scrolls
 e - 2 scrolls of fog
 n - a scroll of fear
 o - a scroll of butterflies
 q - 4 scrolls of enchant armour
 y - 3 scrolls of poison
 F - 4 scrolls of vulnerability
 I - 2 scrolls of identify
 J - a scroll of revelation
Potions
 b - 2 potions of invisibility
 f - 7 potions of brilliance
 i - a potion of resistance
 t - 4 potions of attraction
 w - 3 potions of magic
 x - 5 potions of might
 A - 3 potions of lignification
 C - 2 potions of enlightenment
 H - a potion of mutation


   Skills:
 + Level 15.0 Fighting
 + Level 18.2 Dodging
 - Level 16.2 Unarmed Combat
 - Level 15.0 Invocations
 - Level 9.0 Evocations
 + Level 14.8 Shapeshifting


You had 19 spell levels left.
You didn't know any spells.
Your spell library contained the following spells:

 Spells                   Type           Power      Damage    Failure   Level
 Sandblast                Erth           0%         2d4       54%         1
 Sting                    Conj/Alch      0%         1d3       54%         1
 Summon Small Mammal      Summ           0%         N/A       54%         1
 Lesser Beckoning         Tloc           0%         N/A       67%         2
 Mercury Vapours          Alch/Air       0%         N/A       67%         2
 Call Canine Familiar     Summ           0%         N/A       88%         3
 Gell's Gravitas          Tloc           0%         N/A       88%         3
 Passwall                 Erth           0%         N/A       88%         3
 Stone Arrow              Conj/Erth      0%         3d7       88%         3
 Summon Ice Beast         Ice/Summ       0%         N/A       88%         3
 Teleport Other           Tloc           0%         N/A       88%         3
 Anguish                  Hex/Necr       0%         N/A       99%         4
 Animate Dead             Necr           0%         N/A       99%         4
 Brom's Barrelling Bould  Conj/Erth      0%         2d3       99%         4
 Cause Fear               Hex            0%         N/A       99%         4
 Olgreb's Toxic Radiance  Alch           0%         N/A       99%         4
 Summon Blazeheart Golem  Fire/Summ      0%         N/A       99%         4
 Borgnjor's Vile Clutch   Necr/Erth      0%         N/A       100%        5
 Fireball                 Conj/Fire      0%         3d3       100%        5
 Summon Forest            Summ/Tloc      0%         N/A       100%        5
 Summon Mana Viper        Hex/Summ       0%         N/A       100%        5
 Conjure Ball Lightning   Conj/Air       0%         3x3d6     100%        6
 Death Channel            Necr           0%         N/A       100%        6
 Summon Cactus Giant      Summ           0%         N/A       100%        6
 Enfeeble                 Hex            0%         N/A       100%        7
 Monstrous Menagerie      Summ           0%         N/A       100%        7
 Discord                  Hex            0%         N/A       100%        8
 Disjunction              Tloc           0%         N/A       100%        8
 Dragon's Call            Summ           0%         N/A       100%        9


Dungeon Overview and Level Annotations

Branches:
Dungeon (15/15)            Temple (1/1) D:5            Lair (5/5) D:11
 Shoals (4/4) Lair:3        Snake (4/4) Lair:3        Slime (0/5) Lair:4
    Orc (2/2) D:11            Elf (0/3) Orc:2        Vaults (0/5) D:13
 Depths (0/4) D:15        Ossuary (visited)          Bailey (visited)
  IceCv (visited)         Gauntlet (visited)

Altars:
Ashenzari
Cheibriados
Dithmenos
Elyvilon
Fedhas
Gozag
Hepliaklqana
Kikubaaqudgha
Makhleb
Nemelex Xobeh
Okawaru
Qazlal
Ru
Sif Muna
Trog
Uskayaw
Vehumet
Wu Jian
Xom
Yredelemnul
Zin
The Shining One
Beogh

Shops:
D:2 ?   D:5 (   D:10 (   D:13 =   Orc:2 :([?   Snake:3 =:=

Annotations:
D:8 Gastronok
Snake:1 3 runed translucent doors, exclusion: 3 doors, cjoo's ghost, journeyman FeSh


Innate Abilities, Weirdness & Mutations

You are a creature with a mouth for a stomach.
Your midsection houses a second, enormous mouth.
You cannot be hasted, slowed, berserked, paralysed or teleported.
You can dig through walls and to a lower floor.
You have a pair of large antennae on your head. (SInv)
Your four strong arms can wield two-handed weapons with a shield.
You possess an exceptional clarity of mind.
Armour fits poorly on your strangely shaped body.
Your spells are a little harder to cast, but a little more powerful.


Message History

You take 21 damage, and have 75/162 hp.
You miss the merfolk impaler.
The merfolk impaler is no longer paralysed.
A water elemental comes into view.
The merfolk impaler hits you with a +2 demon trident of freezing!
The merfolk completely misses you. The merfolk impaler barely misses you.
You take 17 damage, and have 58/162 hp.
You barely miss the merfolk impaler. You bite the merfolk impaler!
The merfolk impaler is lightly wounded.
The merfolk impaler hits you with a +2 demon trident of freezing!!
* * * LOW HITPOINT WARNING * * *
The merfolk impaler freezes you.
* * * LOW HITPOINT WARNING * * *
The merfolk impaler closely misses you. The merfolk completely misses you.
The manticore closely misses you. x2; The manticore completely misses you.
You take 27 damage, and have 31/162 hp.
Okay, then.
Unknown command.
Unknown command.
Unknown command.
As you read the scroll of butterflies, it crumbles to dust.
You hear the flapping of tiny wings.
The merfolk is knocked back by the sudden gust.
The manticore is knocked back by the sudden gust.
The merfolk impaler is knocked back by the sudden gust.
You carefully extract the barbed spikes from your body.
Something barely misses your butterfly.
You hear a haunting song.
The merfolk impaler hits your butterfly with a +2 demon trident of freezing!
The merfolk impaler freezes your butterfly.
Your butterfly dies!
Your butterfly disappears in a burst of colours!
Unknown command.
Unknown command.
You are confused.
You feel invigorated.
The merfolk impaler is no longer sharing its pain.
Something barely misses your butterfly.
Something completely misses your butterfly.
The merfolk impaler hits your butterfly with a +2 demon trident of freezing!!
The merfolk impaler freezes your butterfly.
Your butterfly dies!
Your butterfly disappears in a burst of colours!
Something hits your butterfly! Something freezes your butterfly.
Your butterfly dies!
Your butterfly disappears in a burst of colours!
Something misses your butterfly.
You regained 5 hp, and now have 36/162 hp.
The merfolk impaler completely misses your butterfly.
The merfolk hits your butterfly with a +0 trident!!
Your butterfly dies!
Your butterfly disappears in a burst of colours!
A snapping turtle comes into view.
The merfolk impaler hits you from afar with a +2 trident of freezing!!
* * * LOW HITPOINT WARNING * * *
The manticore bites your butterfly!
Your butterfly dies!
Your butterfly disappears in a burst of colours!
The merfolk impaler hits your butterfly with a +5 demon trident of freezing!!
The merfolk impaler freezes your butterfly.
Your butterfly dies!
Your butterfly disappears in a burst of colours!
You hear a haunting song.
The merfolk impaler hits your butterfly with a +2 demon trident of freezing!!
The merfolk impaler freezes your butterfly.
Your butterfly dies!
Your butterfly disappears in a burst of colours!
The merfolk impaler hits you from afar with a +2 trident of freezing!
* * * LOW HITPOINT WARNING * * *
The merfolk impaler freezes you.
* * * LOW HITPOINT WARNING * * *
The water elemental completely misses your butterfly.
Uskayaw links your audience in an emotional bond!
You take 32 damage, and have 4/162 hp.
Unknown command.
Press: ? - help, v - describe, . - travel
Here: a merfolk impaler, wielding a +2 trident of freezing and wearing a +0 robe (sharing its pain) Some shallow water.
Unknown command.
Unknown command.
Unknown command.
Okay, then.
Okay, then.
Unknown command.
You feel less invigorated.
You feel less confused.
The merfolk impaler misses your butterfly.
The merfolk impaler hits you from afar with a +2 trident of freezing.
* * * LOW HITPOINT WARNING * * *
The merfolk impaler hits your butterfly with a +5 demon trident of freezing!!
The merfolk impaler freezes your butterfly.
Your butterfly dies!
Your butterfly disappears in a burst of colours!
Something hits your butterfly! Something freezes your butterfly.
Your butterfly dies!
Your butterfly disappears in a burst of colours!
You regained 2 hp, and now have 6/162 hp.
The merfolk impaler hits you from afar with a +2 trident of freezing!!
You die...
Your body falls in perfect tune with the rhythm.

≈≈≈≈≈≈≈≈≈≈≈≈≈≈≈≈≈≈≈≈≈≈
≈≈≈≈≈≈≈≈≈≈≈≈≈≈≈≈≈≈≈≈≈≈≈≈
≈≈≈≈≈≈≈b≈≈≈≈≈≈≈b≈≈≈≈≈≈≈≈≈≈
~≈≈≈≈bmb≈≈b§b§≈b§≈≈≈≈≈≈≈≈≈
~~~~~b≈Hbbbm§≈{≈≈≈≈≈≈≈≈≈≈≈
~..~~~~bbm~~§§§{≈≈≈≈≈≈≈≈≈≈
.....bbbbbb§bb§b≈≈≈≈≈≈≈≈≈≈
....b.bEm.W§~~~~≈≈≈≈≈≈≈≈≈≈
...b.b...###~##~~≈≈≈≈≈≈≈≈≈
....t.b.{# #####..≈≈≈≈≈≈≈≈
........#$~ ###.≈≈≈≈≈≈≈
.......##~~~≈~ ##.≈≈≈≈≈≈≈
....... #~#~# #..≈≈≈≈≈≈≈
......~ ≈~ ~≈ ##.....~~≈
......~ ~#H ~ #........
....... Z~ ##........


You could see 3 merfolk impalers, a snapping turtle (pain bonded), a merfolk
(pain bonded), a manticore (pain bonded, ally target) and a water elemental
(pain bonded, ally target).

Vanquished Creatures
  Saint Roka (Snake:2)
  Vashnia (Snake:4)
  Mlioglotl (Shoals:3)
  Asterion (Snake:2)
  Jorgrun (Snake:3)
  Frances (Snake:2)
  Aizul (Snake:2)
  17 nagarajas (Snake:4)
  An ironbound preserver (D:13)
  2 eleionomae (Shoals:2)
  A very ugly thing (IceCv)
  Nessos (D:12)
  A minotaur (Gauntlet)
  Snorg (D:13)
  2 merfolk javelineers
  3 merfolk impalers
  8 hydras
  2 merfolk avatars (Shoals:4)
  A salamander tyrant (Snake:4)
  Erolcha (D:11)
  4 caustic shrike simulacra (IceCv)
  An alligator snapping turtle (Shoals:3)
  2 merfolk aquamancers
  10 centaur warriors
  2 ice dragons (D:15)
  2 ogre magi (Orc:2)
  2 boulder beetles
  4 catoblepae
  6 anacondas
  28 death yaks
  3 two-headed ogres
  4 satyrs (Shoals:2)
  32 naga sharpshooters
  6 shock serpents
  2 tengu warriors
  12 naga warriors
  5 skysharks
  2 salamander mystics (Snake:3)
  6 skeletal warriors
  Amaemon (D:9)
  14 mana vipers
  8 sea snakes
  9 naga ritualists
  An orc knight (D:13)
  Pikel (D:7)
  14 harpies
  14 salamanders
  8 orc sorcerers (Orc:2)
  4 ugly things (D:13)
  14 fauns
  12 manticores
  9 cyclopes
  Maurice (D:9)
  8 merfolk sirens
  27 elephants
  3 meliai
  41 black mambas
  15 naga magi
  An orange demon (D:10)
  5 guardian serpents
  6 water nymphs
  16 cane toads
  Joseph (D:7)
  An unseen horror (D:12)
  4 gargoyles
  2 anaconda simulacra (IceCv)
  3 rime drakes
  9 komodo dragons
  A tengu conjurer (D:13)
  2 polar bears
  4 trolls
  3 wind drakes
  An alligator simulacrum (IceCv)
  17 merfolk
  10 blink frogs
  7 snapping turtles
  A hornet (D:9)
  17 dream sheep
  21 slime creatures
  8 shadows
  3 wraiths
  3 centaur simulacra
  2 dire elephant simulacra (IceCv)
  4 wyverns
  62 yaks
  2 vampires
  4 water elementals
  3 basilisks
  2 wargs
  54 nagas
  16 water moccasins
  4 harpy simulacra (IceCv)
  4 acid dragons
  A hydra simulacrum (IceCv)
  30 orc warriors
  An ice beast (D:6)
  A laughing skull (D:13)
  11 wolves
  7 ogres
  3 centaurs
  3 lemures (D:7)
  3 phantoms
  A kobold brigand (D:10)
  4 bullfrogs
  6 water moccasin zombies (Ossuary)
  3 scorpions
  4 wights (D:7)
  A burial acolyte (Ossuary)
  7 killer bees
  2 lindwurm simulacra (IceCv)
  4 electric eels
  4 howler monkeys
  A bombardier beetle (D:7)
  7 jellies
  17 orc priests
  2 hounds (D:5)
  Terence (D:2)
  4 iguanas
  31 orc wizards
  2 crocodile zombies (Ossuary)
  A bullfrog simulacrum (Ossuary)
  2 mummies (Ossuary)
  Robin (D:2)
  3 adders
  A shadow imp (D:6)
  A white imp (D:7)
  An ufetubus (D:5)
  3 adder zombies (Ossuary)
  3 ribbon worms
  97 orcs
  6 endoplasms
  4 giant cockroaches
  10 goblins
  6 hobgoblins
  7 jackals
  5 quokkas
  7 ball pythons
  5 bats
  6 frilled lizards
  8 gnoll zombies (Ossuary)
  A jackal zombie (Ossuary)
  11 kobolds
  3 orc zombies (Ossuary)
  7 rats
1048 creatures vanquished.

Notes
Turn   | Place    | Note
-------+----------+-------------------------------------------
     0 | D:1      | gimp the Formicid Shapeshifter began the quest for the Orb.
     0 | D:1      | Reached XP level 1. HP: 15/15 MP: 1/1
   143 | D:1      | Reached XP level 2. HP: 18/21 MP: 2/2
   290 | D:1      | Found a faded altar of an unknown god.
   734 | D:2      | Reached XP level 3. HP: 18/27 MP: 3/3
   746 | D:2      | Noticed Robin
  1112 | D:2      | Killed Robin
  1125 | D:2      | Reached XP level 4. HP: 19/34 MP: 4/4
  1274 | D:2      | Noticed Terence
  2164 | D:3      | Noticed a phantom
  2178 | D:3      | Killed a phantom
  2179 | D:3      | Reached XP level 5. HP: 23/41 MP: 5/5
  2191 | D:3      | HP: 2/41 [iguana (11)]
  2495 | D:4      | Identified the +2 cloak "Nuberac" {-Tele Rampage rElec
                  | Dex+5}
  2538 | D:4      | Reached XP level 6. HP: 43/47 MP: 6/6
  2605 | D:4      | Found a sparkling altar of Nemelex Xobeh.
  3087 | D:4      | Reached skill level 5 in Shapeshifting
  3156 | D:4      | Found a blossoming altar of Fedhas.
  3318 | D:5      | Entered Level 5 of the Dungeon
  3335 | D:5      | Reached XP level 7. HP: 53/55 MP: 7/7
  3357 | D:5      | Noticed a wraith
  3473 | D:5      | Reached skill level 5 in Unarmed Combat
  3615 | D:5      | Noticed a water moccasin
  3624 | D:5      | Killed a water moccasin
  3842 | D:5      | Reached skill level 5 in Fighting
  4020 | D:5      | Reached skill level 2 in Dodging
  4020 | D:5      | Reached XP level 8. HP: 26/62 MP: 8/8
  4295 | D:5      | Gained mutation: Armour fits poorly on your strangely
                  | shaped body. [potion of mutation]
  4295 | D:5      | Gained mutation: Your spells are a little harder to cast,
                  | but a little more powerful. [potion of mutation]
  4295 | D:5      | Gained mutation: You possess an exceptional clarity of
                  | mind. [potion of mutation]
  4296 | D:5      | Killed a wraith
  4524 | D:5      | Found Xoitsid's Weapon Emporium.
  4717 | D:5      | Found a staircase to the Ecumenical Temple.
  4815 | Temple   | Entered the Ecumenical Temple
  4850 | D:6      | Found a sand-covered staircase.
  4858 | Ossuary  | Entered an ossuary
  4884 | Ossuary  | Reached skill level 3 in Dodging
  5192 | Ossuary  | Reached XP level 9. HP: 62/68 MP: 9/9
  5234 | Ossuary  | Reached skill level 4 in Dodging
  5815 | D:6      | Identified the +0 cloak "Eroazo Owil" {rPois Will+++ Str+2
                  | Int-5}
  6026 | D:7      | Noticed Joseph
  6118 | D:2      | Killed Terence
  6204 | D:2      | Found Taaxti's Magic Scroll Boutique.
  6207 | D:2      | Bought a scroll of fear for 44 gold pieces
  6207 | D:2      | Bought a scroll of butterflies for 44 gold pieces
  6207 | D:2      | Bought a scroll of identify for 22 gold pieces
  6207 | D:2      | Bought a scroll of noise for 11 gold pieces
  6207 | D:2      | Bought a scroll of identify for 22 gold pieces
  6246 | D:2      | Found an opulent altar of Gozag.
  6543 | D:7      | Reached skill level 1 in Invocations
  6838 | D:7      | Found a white marble altar of Elyvilon.
  6874 | D:7      | Found a basalt altar of Yredelemnul.
  6881 | D:7      | Found an iron altar of Okawaru.
  6890 | D:7      | Reached skill level 5 in Dodging
  7005 | D:7      | Found a broken altar of Ashenzari.
  7005 | D:7      | Found a hide-covered altar of Uskayaw.
  7015 | D:7      | Found a shimmering altar of Xom.
  7017 | D:7      | Became a worshipper of Uskayaw the Reveller
  7101 | D:7      | Reached * piety under Uskayaw
  7109 | D:7      | Reached ** piety under Uskayaw
  7112 | D:7      | Reached *** piety under Uskayaw
  7114 | D:7      | Killed Joseph
  7114 | D:7      | Reached **** piety under Uskayaw
  7298 | D:7      | Noticed Pikel
  7313 | D:7      | Killed Pikel
  7314 | D:7      | Reached XP level 10. HP: 68/74 MP: 11/13
  7459 | D:7      | Reached skill level 6 in Dodging
  7693 | D:7      | Found a bloodstained altar of Trog.
  7720 | D:8      | Noticed Gastronok
  7919 | D:8      | Noticed a two-headed ogre
  7931 | D:8      | Reached skill level 5 in Invocations
  7940 | D:8      | Reached ***** piety under Uskayaw
  7952 | D:8      | Killed a two-headed ogre
  8418 | D:9      | Found a flagged portal.
  8436 | Bailey   | Entered a bailey
  8445 | Bailey   | Reached skill level 7 in Dodging
  9211 | Bailey   | Identified the +0 tower shield "Systoken" {Str+2}
  9280 | D:9      | Noticed Maurice
  9287 | D:9      | Maurice stole a flux talisman
  9289 | D:9      | Maurice stole a ring of wizardry
  9296 | D:9      | Killed Maurice
  9297 | D:9      | Reached XP level 11. HP: 70/79 MP: 14/16
  9844 | D:9      | Reached skill level 10 in Unarmed Combat
  9855 | D:9      | Reached skill level 8 in Dodging
  9919 | D:9      | Found an ornate altar of the Wu Jian Council.
 10622 | D:10     | Entered Level 10 of the Dungeon
 11117 | D:10     | Noticed a cyclops
 11134 | D:10     | Killed a cyclops
 11264 | D:10     | Found Qiod's Antique Weapon Boutique.
 11279 | D:10     | Noticed Amaemon
 11339 | D:9      | Killed Amaemon
 11772 | D:10     | Found a glowing golden altar of the Shining One.
 11789 | D:10     | Found an ancient bone altar of Kikubaaqudgha.
 11983 | D:11     | Noticed a boulder beetle
 12421 | D:11     | Killed a boulder beetle
 12422 | D:11     | Reached skill level 9 in Dodging
 12536 | D:11     | Reached skill level 10 in Invocations
 12536 | D:11     | Reached XP level 12. HP: 86/86 MP: 19/19
 12592 | D:11     | Identified a scroll of acquirement
 12594 | D:11     | Acquired the +0 pair of gloves "Xehea" {+Blink Dex+2
                  | Slay+5}
 12824 | D:11     | Noticed a two-headed ogre
 12838 | D:11     | Killed a two-headed ogre
 13007 | D:11     | Noticed a skeletal warrior
 13007 | D:11     | Noticed a skeletal warrior
 13007 | D:11     | Noticed a skeletal warrior
 13012 | D:11     | You fall into a shaft and drop 2 floors!
 13179 | D:13     | Noticed a centaur warrior
 13202 | D:13     | Noticed a four-headed hydra
 13226 | D:13     | Killed a four-headed hydra
 13434 | D:13     | Noticed Snorg
 13449 | D:13     | Killed Snorg
 13534 | D:13     | Noticed a catoblepas
 13581 | D:13     | Killed a catoblepas
 13677 | D:13     | Killed a centaur warrior
 13678 | D:13     | Reached skill level 10 in Dodging
 14256 | D:11     | Found a staircase to the Orcish Mines.
 14379 | D:11     | Noticed Erolcha
 14387 | D:11     | Killed Erolcha
 14426 | D:11     | Found a staircase to the Lair.
 14452 | Lair:1   | Entered Level 1 of the Lair of Beasts
 14540 | Lair:1   | Found the +7 Kryia's mail coat {PotionHeal*2 rC+}
 14591 | Lair:1   | Reached XP level 13. HP: 89/91 MP: 21/21
 15386 | Lair:2   | Reached skill level 11 in Dodging
 16162 | Lair:3   | Found a gate leading to a gauntlet.
 16171 | Gauntlet | Entered a Gauntlet
 16171 | Gauntlet | Found a transporter.
 16179 | Gauntlet | Found a transporter.
 16181 | Gauntlet | Found a transporter.
 16182 | Gauntlet | Found a transporter.
 16190 | Gauntlet | Found a transporter.
 16193 | Gauntlet | Found a transporter.
 16194 | Gauntlet | Found a transporter.
 16202 | Gauntlet | Found a transporter.
 16205 | Gauntlet | Found a transporter.
 16206 | Gauntlet | Found a transporter.
 16213 | Gauntlet | Noticed a four-headed hydra
 16217 | Gauntlet | Found a transporter.
 16218 | Gauntlet | Found a transporter.
 16227 | Gauntlet | Found a transporter.
 16250 | Gauntlet | Found a transporter.
 16457 | Gauntlet | Noticed a minotaur
 16479 | Gauntlet | Killed a minotaur
 16812 | Lair:3   | Found a staircase to the Shoals.
 16840 | Lair:3   | Identified the +3 quarterstaff of Patience {freeze, *Noise
                  | rElec MP+9 Str+4}
 16967 | Lair:3   | Reached ****** piety under Uskayaw
 16972 | Lair:3   | Reached XP level 14. HP: 22/98 MP: 15/24
 17679 | Lair:3   | Found a staircase to the Snake Pit.
 17805 | Lair:3   | Reached skill level 12 in Dodging
 18864 | Lair:4   | Reached skill level 15 in Invocations
 18988 | Lair:4   | Reached skill level 1 in Evocations
 19095 | Lair:4   | Reached skill level 13 in Dodging
 19124 | Lair:4   | Reached XP level 15. HP: 33/103 MP: 13/26
 19338 | Lair:4   | Found a staircase to the Slime Pits.
 19797 | Lair:5   | Entered Level 5 of the Lair of Beasts
 19922 | Lair:5   | Reached skill level 15 in Unarmed Combat
 19988 | Lair:5   | Reached skill level 5 in Evocations
 21659 | Lair:5   | Reached skill level 14 in Dodging
 22578 | D:2      | Bought a scroll of acquirement for 572 gold pieces
 22578 | D:2      | Bought a scroll of silence for 104 gold pieces
 23520 | Orc:1    | Entered Level 1 of the Orcish Mines
 23611 | Orc:1    | Found a roughly hewn altar of Beogh.
 24023 | Orc:2    | Entered Level 2 of the Orcish Mines
 24023 | Orc:2    | Found a staircase to the Elven Halls.
 25286 | Orc:2    | Reached XP level 16. HP: 89/105 MP: 27/27
 25354 | Orc:2    | Found Qiuj's Magic Scroll Emporium.
 25378 | Orc:2    | Bought a scroll of fear for 64 gold pieces
 25389 | Orc:2    | Found Amamaron's Antique Weapon Shoppe.
 25510 | Orc:2    | Found an ancient bone altar of Kikubaaqudgha.
 25624 | Orc:2    | Found a radiant altar of Vehumet.
 25710 | Orc:2    | Found a roughly hewn altar of Beogh.
 25711 | Orc:2    | Found Heepez Kecw's Book Emporium.
 25714 | Orc:2    | Found Litoez's Antique Armour Shoppe.
 25753 | Orc:2    | Acquired the amulet "Deboschi" {rPois rN+ RegenMP+}
 26474 | D:13     | Noticed Nessos
 27640 | D:12     | Killed Nessos
 27721 | D:13     | Found Ixeigho's Jewellery Shop.
 28234 | D:13     | Found a gate to the Vaults.
 28245 | D:13     | Reached skill level 15 in Dodging
 28664 | D:14     | Found a stormy altar of Qazlal.
 29900 | D:15     | Entered Level 15 of the Dungeon
 30127 | D:13     | Bought a ring of protection from cold for 325 gold pieces
 30127 | D:13     | Bought a ring of protection from fire for 325 gold pieces
 30407 | D:15     | Found a glowing silver altar of Zin.
 30774 | D:15     | Found a shadowy altar of Dithmenos.
 31010 | D:15     | Found a staircase to the Depths.
 31340 | Snake:1  | Entered Level 1 of the Snake Pit
 31361 | Lair:3   | Reached XP level 17. HP: 57/124 MP: 22/28
 32490 | Snake:1  | You fall into a shaft and drop 1 floor!
 32710 | Snake:2  | Reached skill level 10 in Shapeshifting
 33550 | Snake:1  | Found a runed translucent gate.
 33550 | Snake:1  | Found a runed translucent gate.
 33551 | Snake:1  | Found a runed translucent gate.
 33551 | Snake:1  | Noticed cjoo's ghost (journeyman FeSh)
 34094 | Snake:2  | Noticed Saint Roka
 34209 | Snake:2  | Killed Saint Roka
 34407 | Snake:2  | Identified the serpent talisman "Sos Abil" {rElec rN+
                  | Int-3}
 34407 | Snake:2  | Noticed Aizul
 34422 | Snake:2  | Killed Aizul
 34634 | Snake:2  | Noticed Asterion
 34649 | Snake:2  | Killed Asterion
 34725 | Snake:2  | Noticed Frances
 35082 | Snake:3  | Reached skill level 10 in Fighting
 35192 | Snake:3  | Reached skill level 16 in Dodging
 35860 | Snake:3  | Noticed Jorgrun
 35861 | Snake:3  | Reached XP level 18. HP: 121/134 MP: 29/29
 35872 | Snake:3  | Killed Jorgrun
 35926 | Snake:3  | Found Nafuhina's Jewellery Emporium.
 35926 | Snake:3  | Found Suush's Book Boutique.
 35927 | Snake:3  | Found Egriv's Jewellery Emporium.
 36631 | Snake:4  | Entered Level 4 of the Snake Pit
 36924 | Snake:3  | HP: 2/134 [poisoned by a nagaraja (bolt of poison)]
 37922 | Snake:4  | Noticed Vashnia
 39140 | Snake:2  | Identified the +5 shortbow of Conservatism {flame, rElec
                  | rPois Str+2 Int+4 Dex+2}
 40399 | Snake:2  | Identified the maw talisman of Kikubaaqudgha's Envy {rElec
                  | rF+}
 40761 | Snake:2  | Killed Frances
 41322 | Snake:4  | Killed Vashnia
 41951 | Snake:4  | Reached skill level 17 in Dodging
 42151 | Snake:4  | Reached XP level 19. HP: 99/148 MP: 30/30
 42848 | Snake:4  | Got a serpentine rune of Zot
 43528 | Snake:4  | Identified the +5 plate armour "Acler" {Harm rC+ Int-2
                  | Dex+3}
 43786 | Shoals:1 | Entered Level 1 of the Shoals
 43880 | Shoals:1 | Found a glacial archway.
 43884 | IceCv    | Entered an ice cave
 47905 | Shoals:3 | Noticed Mlioglotl
 48049 | Shoals:3 | Reached XP level 20. HP: 124/160 MP: 31/31
 48129 | Shoals:3 | Killed Mlioglotl
 48185 | Shoals:3 | Reached skill level 18 in Dodging
 49477 | Shoals:4 | Entered Level 4 of the Shoals
 49719 | Shoals:4 | Reached skill level 15 in Fighting
 49803 | Shoals:4 | HP: 6/162 [merfolk impaler/+2 trident of freezing (15)]
 49805 | Shoals:4 | Mangled by a merfolk impaler

Illustrated notes

Levels and vault maps discovered:
D:1:      wander_arrival_fairy_ring, layout_basic,
          dreamdust_ecumenical_altar_statues, st_stairs_5,
          serial_park_tiny_pond, dk_noncrumbling_2, hangedman_decor_points
D:2:      layout_basic, basic_altar, serial_shops, nicolae_shop_rolled_up,
          minmay_tree_intersection, uniq_terence, uniq_robin
D:3:      layout_basic, minmay_divided_ellipse
D:4:      layout_cave_pools, mainiacjoe_overflow_cross_hatched, fedhas_altar_4
D:5:      layout_basic, minmay_temple_entry_nine_rooms, nrook_mini_vaults,
          kennysheep_windowed_goal
D:6:      layout_loops_cross, nicolae_ossuary_entry_monument
D:7:      layout_loops_cross, elyvilon_altar_5,
          nicolae_overflow_hallway_of_the_gods, trog_book, uniq_joseph,
          uniq_pikel
D:8:      layout_loops_ring, minivault_21, moated_statue, reono_crystal_passage,
          uniq_gastronok
D:9:      layout_basic, kennysheep_mini, enter_bailey_2, uniq_maurice
D:10:     layout_basic, jmf_multi_god_temple2, serial_shops, shop, uniq_amaemon
D:11:     layout_gridville, david_lair_shrubbed, david_orc_4, uniq_erolcha
D:12:     layout_long_grid
D:13:     layout_cross, skrybe_vaults_entry_preservation, serial_shops,
          nicolae_shop_crystal, minmay_shattered_shrine, uniq_nessos, uniq_snorg
D:14:     layout_basic, nicolae_qazlal_eye_of_the_storm
D:15:     grunt_enter_depths_hoard, layout_grid_maze, grunt_dithmenos_shadows,
          amcnicky_mini_pool_small, serial_bayou_pond_a, zin_angel
Temple:   eino_temple_lava
Lair:1:   layout_roguey
Lair:2:   layout_loops_ring, chequers_serial_rivers_large_b
Lair:3:   layout_hall_layers, elwin_shoals_entry_rocks, dummy_snake_entry,
          gauntlet_entry_generic, lemuel_fruit_fields, grunt_megastairs_1,
          serial_bayou_shore_a, lemuel_fruit_fields, lemuel_fruit_tree
Lair:4:   layout_long_grid, slime_entry_2
Lair:5:   evilmike_catoblepas_cave, layout_hall_layers, grunt_megastairs_4,
          infiniplex_staircase_pool
Shoals:1: layout_shoals, portal_ice_cave_entry_pillars_four
Shoals:2: layout_shoals, nicolae_shoals_enchanted_isle
Shoals:3: layout_shoals, uniq_mlioglotl
Shoals:4: shoals_end_grunt_ice, layout_shoals, serial_shops, shop
Snake:1:  layout_grid_shapes, gammafunk_ghost_necromancy
Snake:2:  nicolae_snake_shooting_gallery, layout_grid_maze, uniq_aizul,
          uniq_saint_roka, uniq_frances, uniq_asterion
Snake:3:  layout_rooms, minmay_shop_grove, uniq_jorgrun
Snake:4:  grunt_snake_rune_spirals, layout_onion, uniq_vashnia
Orc:1:    layout_diamond_mine, basic_altar
Orc:2:    kennysheep_orc_mage_school, layout_diamond_mine

Skill      XL: |  1  2  3  4  5  6  7  8  9 10 11 12 13 14 15 16 17 18 19 20 |
---------------+-------------------------------------------------------------+-----
Fighting       | 2 3 4 5 8 10 12 14 15 | 15.0
Shapeshifting  | 4 5 6 7 8 11 12 14 | 14.8
Unarmed Combat | 4 5 6 8 9 11 12 13 14 16 | 16.2
Dodging        | 2 3 5 7 9 10 11 13 14 15 16 17 18 | 18.2
Invocations    | 4 7 10 11 13 15 | 15.0
Evocations     | 3 7 9 |  9.0

Action                     |  1- 3 |  4- 6 |  7- 9 | 10-12 | 13-15 | 16-18 | 19-21 || total
---------------------------+-------+-------+-------+-------+-------+-------+-------++-------
  Melee: Unarmed           |    82 |   136 |   379 |   599 |  1060 |  1127 |   518 ||  3901
         Punch             |     1 |       |       |       |       |    77 |    77 ||   155
         Constrict         |       |       |       |       |       |     2 |       ||     2
         Maw               |       |       |       |       |       |    62 |   212 ||   274
 Invoke: Line Pass         |       |       |       |    14 |     9 |     6 |     7 ||    36
         Grand Finale      |       |       |       |       |     7 |     6 |     2 ||    15
         Stomp             |       |       |       |       |       |     1 |       ||     1
Ability: Dig               |     1 |       |     1 |     7 |     9 |     7 |       ||    25
         Shaft Self        |       |       |       |     1 |       |     1 |       ||     2
  Evoke: Wand              |       |       |       |    17 |     9 |     4 |    36 ||    66
    Use: Potion            |     1 |       |     4 |     6 |     2 |     8 |     3 ||    24
         Scroll            |       |       |    10 |     8 |     9 |     5 |     4 ||    36
   Stab: Sleeping          |     3 |     2 |       |       |       |     4 |     3 ||    12
         Paralysed         |       |       |     4 |    23 |    94 |    93 |    41 ||   255
         Confused          |       |       |       |     4 |     6 |     3 |     1 ||    14
         Distracted        |       |       |       |       |       |     2 |     1 ||     3
         Invisible         |       |       |       |       |       |     2 |       ||     2
 Armour: Animal skin       |    47 |    77 |    57 |       |       |   166 |       ||   347
         Skin              |    12 |     7 |    74 |   219 |   252 |   236 |   241 ||  1041
  Dodge: Dodged            |    41 |    75 |   191 |   486 |   792 |  1204 |   459 ||  3248
         Form:             |       |     1 |       |       |       |       |       ||     1
         Flux              |       |       |     1 |       |       |       |       ||     1
         Blade             |       |       |       |       |       |     2 |       ||     2
         Serpent           |       |       |       |       |       |     1 |       ||     1
         Maw               |       |       |       |       |       |     1 |       ||     1

Table legend: (Time is in decaauts)
 A = Elapsed time spent in this place.
 B = Non-inter-level travel time spent in this place.
 C = Inter-level travel time spent in this place.
 D = Time resting spent in this place.
 E = Time spent auto-exploring this place.
 F = Levels seen in this place.
 G = Mean time per level.
                   A        B        C        D        E       F      G
               +--------+--------+--------+--------+--------+-----+--------+
         Total |  48986 |  45938 |   3048 |   2641 |  33422 |  35 | 1399.6 |
       Dungeon |  19502 |  17728 |   1774 |   1032 |  13270 |  15 | 1300.1 |
        Temple |      1 |      1 |      0 |      0 |      0 |   1 |    1.0 |
          Lair |   8055 |   7746 |    309 |    142 |   6173 |   5 | 1611.0 |
        Shoals |   5201 |   5090 |    111 |    141 |   4045 |   4 | 1300.2 |
     Snake Pit |  11434 |  10784 |    650 |   1063 |   7280 |   4 | 2858.5 |
  Orcish Mines |   2297 |   2095 |    202 |     20 |   1315 |   2 | 1148.5 |
       Ossuary |    455 |    455 |      0 |      0 |    278 |   1 |  455.0 |
        Bailey |    838 |    838 |      0 |      0 |    562 |   1 |  838.0 |
      Ice Cave |    719 |    719 |      0 |      0 |    493 |   1 |  719.0 |
      Gauntlet |    479 |    479 |      0 |    243 |      5 |   1 |  479.0 |
               +--------+--------+--------+--------+--------+-----+--------+

Top non-repeatable levels by time:
 Snake:3: 3876 daAuts
 Snake:4: 3646 daAuts
 Snake:2: 2736 daAuts
  Lair:5: 2364 daAuts
  Lair:3: 2360 daAuts
    D:11: 1945 daAuts
    D:13: 1840 daAuts
Shoals:1: 1822 daAuts
    D:12: 1753 daAuts
     D:9: 1742 daAuts
Shoals:2: 1680 daAuts
   Orc:2: 1671 daAuts
  Lair:4: 1613 daAuts
    D:14: 1554 daAuts
     D:5: 1541 daAuts
